 Dungeon Crawl Stone Soup version 0.30.0-3-ga4e48a9924 (webtiles) character file.

Game seed: 9145129128573742987

350 ProzacElf the Covered (level 6, -1/53 HPs)
             Began as an Armataur Fighter on May 7, 2023.
             Was a Follower of Elyvilon.
             Slain by a gnoll
             ... wielding a +0 halberd
              (9 damage)
             ... on level 5 of the Dungeon on May 8, 2023.
             The game lasted 00:11:22 (3643 turns).

ProzacElf the Covered (Armataur Fighter)            Turns: 3643, Time: 00:11:22

Health: -1/53      AC: 10    Str: 24    XL:     6   Next: 33%
Magic:  8/8        EV:  3    Int:  8    God:    Elyvilon [*.....]
Gold:   245        SH: 11    Dex:  9    Spells: 5/5 levels left

rFire   . . .        a - +0 long sword
rCold   . . .        r - +0 tower shield
rNeg    . . .        d - +0 chain mail
rPois   .            (no helmet)
rElec   .            (no cloak)
rCorr   .            z - +0 pair of gloves
SInv    .            (no barding)
Will    .....        (no amulet) Stlth
                     q - ring of flight
HPRegen 0.28/turn    (no ring)
MPRegen 0.11/turn

%: roll
@: flying
A: large, rugged brown scales 3, deformed body, armoured tail, roll, long
tongue, awkward tongue
a: Renounce Religion, Purification


You were on level 5 of the Dungeon.
You worshipped Elyvilon.
Elyvilon was aware of your devotion.
You visited 2 branches of the dungeon, and saw 6 of its levels.

You collected 245 gold pieces.

Inventory:

Hand Weapons
 a - a +0 long sword (weapon)
 b - a +2 short sword of distortion
Missiles
 t - 7 poisoned darts (quivered)
 v - 4 boomerangs
Armour
 c - a +0 buckler
 d - a +0 chain mail (worn)
 n - a +0 scale mail
 r - a +0 tower shield (worn)
 z - a +0 pair of gloves (worn)
Jewellery
 q - a ring of flight (left hand)
 B - a ring of wizardry
Wands
 s - a wand of paralysis (12)
Scrolls
 i - a scroll of fog {unknown}
 j - 2 scrolls of teleportation {unknown}
 k - 3 scrolls of identify {unknown}
 l - a scroll of fear {unknown}
 m - a scroll of brand weapon {unknown}
 x - a scroll of torment {unknown}
 y - a scroll of enchant weapon {unknown}
 A - a scroll of amnesia {unknown}
Potions
 e - a potion of resistance {unknown}
 f - 3 potions of attraction {unknown}
 g - a potion of lignification {unknown}
 h - 2 potions of curing
 o - a potion of brilliance {unknown}
 p - a potion of might
 u - a potion of haste {unknown}
 w - 2 potions of ambrosia {unknown}
 C - a potion of heal wounds {unknown}


   Skills:
 - Level 2.6 Fighting
 + Level 4.8 Long Blades
 - Level 5.0 Armour
 - Level 3.2 Shields
 + Level 2.7 Invocations


You had 5 spell levels left.
You didn't know any spells.
Your spell library was empty.

Dungeon Overview and Level Annotations

Branches:
Dungeon (5/15)             Temple (1/1) D:4

Altars:
Elyvilon
Okawaru
Zin


Innate Abilities, Weirdness & Mutations

You are completely covered in rugged brown scales. (AC +3, +7% HP)
Armour fits poorly on your strangely shaped body.
You have a long armoured tail.
You roll when moving toward enemies. (Rampage)
Your long tongue fully drains potion bottles. (2x potion effects)
Your tongue gives you trouble enunciating. (1.5x scroll delay)


Message History

Tha black bear be almost dead.
Tha jackal bites ye but does nay damage.
Tha black bear goes berserk!
Tha gnoll hits ye from afar wit' a +0 halberd!
Ye block tha jackal's attack.
Tha gnoll hits ye but does nay damage.
Tha black bear bites ye!
Tha black bear claws ye but does nay damage.
Ye block tha black bear's attack.
Ye take 15 damage, an' haf 23/53 hp.
MASSIVE DAMAGE!!
Ye hit tha black bear but do nay damage.
Yer tail-slap misses tha black bear.
Tha black bear be almost dead.
Ye block tha jackal's attack.
Tha black bear bites ye.
Tha black bear claws ye.
Tha black bear claws ye but does nay damage.
Tha jackal bites ye but does nay damage.
Tha gnoll hits ye from afar wit' a +0 halberd.
* * * LOW HITPOINT WARNIN'
* * * Ye block tha black bear's attack.
Tha black bear claws ye but does nay damage. x2
Ye take 8 damage, an' haf 15/53 hp.
Ye hit tha black bear.
Tha black bear be almost dead.
Ye block tha jackal's attack.
Tha black bear bites ye.
* * * LOW HITPOINT WARNIN'
* * * Tha black bear claws ye but does nay damage. x2
Tha gnoll hits ye from afar wit' a +0 halberd.
* * * LOW HITPOINT WARNIN'
* * * Tha jackal bites ye but does nay damage.
Ye block tha black bear's attack.
Tha black bear claws ye but does nay damage.
Ye block tha black bear's attack.
Ye take 5 damage, an' haf 10/53 hp.
Ye slash tha black bear!
Ye kill tha black bear!
Ye block tha jackal's attack.
Tha gnoll hits ye from afar wit' a +0 halberd.
* * * LOW HITPOINT WARNIN'
* * * Ye block tha jackal's attack.
Tha gnoll hits ye from afar wit' a +0 halberd!
Ye die...

#..................
##..#.###.......###
##..#.###...###.#
#...........# .#
##..#..##...###.#
#........gg.o....
##..#..##g###....
#..#..##)## ....
#..#..##@.# ...
#..#..##h.# ...
##..#..##..#
#......##..#
###....##..#
#....##...
###....##..##.##
#..............#
###..#.##..#...##.


You could see 3 gnolls and a jackal.

Vanquished Creatures
  A black bear (D:5)
  A scorpion (D:4)
  Terence (D:2)
  2 sleepcaps
  Jessica (D:2)
  An iguana (D:4)
  An orc wizard (D:3)
  An adder (D:4)
  5 dart slugs
  16 orcs
  12 ball pythons
  7 endoplasms
  A giant cockroach (D:2)
  12 goblins
  5 hobgoblins
  8 jackals
  4 kobolds
  2 quokkas
  10 bats
  2 frilled lizards (D:1)
  A rat (D:1)
94 creatures vanquished.

Notes
Turn   | Place    | Note
-------+----------+-------------------------------------------
     0 | D:1      | ProzacElf the Armataur Fighter began the quest for the Orb.
     0 | D:1      | Reached XP level 1. HP: 19/19 MP: 1/1
   106 | D:1      | Reached skill level 4 in Armour
   115 | D:1      | Reached XP level 2. HP: 26/26 MP: 2/2
   372 | D:1      | Reached XP level 3. HP: 32/32 MP: 3/3
   598 | D:2      | Noticed Terence
   650 | D:2      | Killed Terence
   791 | D:2      | Reached XP level 4. HP: 38/39 MP: 4/4
   852 | D:2      | Noticed Jessica
   859 | D:2      | Killed Jessica
   860 | D:2      | Reached skill level 5 in Armour
  1650 | D:3      | Found a white marble altar of Elyvilon.
  1838 | D:3      | Became a worshipper of Elyvilon the Healer
  1849 | D:3      | Found an iron altar of Okawaru.
  1992 | D:3      | Reached XP level 5. HP: 43/44 MP: 5/5
  2144 | D:3      | Reached skill level 1 in Invocations
  2354 | D:3      | Found a glowing silver altar of Zin.
  2722 | D:4      | Reached * piety under Elyvilon
  2741 | D:4      | Reached XP level 6. HP: 14/53 MP: 7/7
  3182 | D:4      | Found a staircase to the Ecumenical Temple.
  3438 | Temple   | Entered the Ecumenical Temple
  3500 | D:5      | Entered Level 5 of the Dungeon
  3643 | D:5      | Slain by a gnoll

Illustrated notes

Levels and vault maps discovered:
D:1:      shiori_arrival_oz, layout_basic, minmay_misc_feat_plants,
          st_stairs_10, minmay_tripent
D:2:      layout_loops_ring, uniq_jessica, uniq_terence
D:3:      layout_loops_corners, zin_treasury, mainiacjoe_overflow_swirl,
          minivault_27, feat_on_display
D:4:      layout_rooms, minmay_temple_entry_enclosed_plants, st_stairs_14
D:5:      layout_basic, uniq_ijyb, uniq_sigmund, uniq_edmund, uniq_duvessa
Temple:   nicolae_temple_figure_eight

Skill      XL: |  1  2  3  4  5 |
---------------+----------------+-----
Long Blades    | 2 3 4 |  4.8
Armour         | 4 5 |  5.0
Invocations    | 2 |  2.7
Fighting       | |  2.6
Shields        | |  3.2

Action                     |  1- 3 |  4- 6 || total
---------------------------+-------+-------++-------
  Melee: Long sword        |   149 |   228 ||   377
         Tailslap          |    12 |    30 ||    42
    Use: Potion            |     1 |     1 ||     2
 Armour: Scale mail        |   123 |     2 ||   125
         Chain mail        |       |   124 ||   124
  Dodge: Dodged            |    81 |    37 ||   118
  Block: Buckler           |    43 |    15 ||    58
         Tower shield      |       |   113 ||   113

Action                     |  1- 3 |  4- 6 || total
---------------------------+-------+-------++-------
  Melee: Long sword        |   149 |   228 ||   377
         Tailslap          |    12 |    30 ||    42
    Use: Potion            |     1 |     1 ||     2
 Armour: Scale mail        |   123 |     2 ||   125
         Chain mail        |       |   124 ||   124
  Dodge: Dodged            |    81 |    37 ||   118
  Block: Buckler           |    43 |    15 ||    58
         Tower shield      |       |   113 ||   113

Levels and vault maps discovered:
D:1:      shiori_arrival_oz, layout_basic, minmay_misc_feat_plants,
          st_stairs_10, minmay_tripent
D:2:      layout_loops_ring, uniq_jessica, uniq_terence
D:3:      layout_loops_corners, zin_treasury, mainiacjoe_overflow_swirl,
          minivault_27, feat_on_display
D:4:      layout_rooms, minmay_temple_entry_enclosed_plants, st_stairs_14
D:5:      layout_basic, uniq_ijyb, uniq_sigmund, uniq_edmund, uniq_duvessa
Temple:   nicolae_temple_figure_eight
